 Dungeon Crawl Stone Soup version 0.21-a0-221-gfe971b9 (console) character file.

23 rin1221 the Ducker (level 3, -1/20 HPs)
             Began as a Kobold Arcane Marksman on Aug 24, 2017.
             Slain by a worm (10 damage)
             ... on level 2 of the Dungeon.
             The game lasted 00:03:39 (864 turns).

rin1221 the Ducker (Kobold Arcane Marksman)          Turns: 864, Time: 00:03:39

Health: -1/20      AC:  2    Str:  7    XL:     3   Next: 10%
Magic:  6/6        EV: 16    Int: 15    God:
Gold:   16         SH:  0    Dex: 15    Spells: 0/6 levels left

rFire    . . .     SeeInvis .   a - +0 hunting sling
rCold    . . .     Gourm    .   (shield restricted)
rNeg     . . .     Faith    .   e - +0 robe
rPois    .         Spirit   .   (no helmet)
rElec    .         Reflect  .   (no cloak)
rCorr    .         Harm     .   (no gloves)
MR       .....                  (no boots)
Stlth    +.........             (no amulet)
HPRegen  0.06/turn              (no ring)
MPRegen  0.10/turn              (no ring)

@: no status effects
A: carnivore 3
a: no special abilities


You were on level 2 of the Dungeon.
You were completely stuffed.

You visited 1 branch of the dungeon, and saw 2 of its levels.

You collected 16 gold pieces.

Inventory:

Hand Weapons
 a - a +0 hunting sling (weapon)
 m - a +0 hand axe
Missiles
 b - 2 needles of confusion
 d - 18 sling bullets
 g - 27 stones (quivered)
 l - 26 bolts
 q - 10 poisoned needles
Armour
 e - a +0 robe (worn)
 h - a +0 leather armour
Jewellery
 j - a +5 ring of dexterity {unknown}
Scrolls
 k - a scroll of recharging {unknown}
 o - a scroll of enchant armour {unknown}
Potions
 i - 4 potions of curing {unknown}
 n - 2 potions of flight {unknown}
 p - a potion of haste {unknown}
Books
 c - a book of Debilitation

   Spells                             Type                      Level
   a - Corona                         Hexes                        1
   b - Slow                           Hexes                        2
   c - Inner Flame                    Hexes/Fire                   3
   d - Portal Projectile              Hexes/Translocation          3
   e - Cause Fear                     Hexes                        4
   f - Leda's Liquefaction            Hexes/Earth                  4
Comestibles
 f - 3 meat rations
 r - 3 chunks of flesh


   Skills:
 + Level 1.1 Fighting
 - Level 2.0 Slings
 + Level 0.7(1.5) Throwing
 * Level 3.2 Dodging
 * Level 2.0 Spellcasting
 - Level 3.0 Hexes
 + Level 0.0 Fire Magic


You couldn't memorise any spells.
You knew the following spells:

 Your Spells              Type           Power        Failure   Level  Hunger
a - Corona                Hex            ##.....      6%          1    #......
b - Slow                  Hex            ##......     10%         2    ###....
c - Inner Flame           Hex/Fire       #.......     34%         3    ###....


Dungeon Overview and Level Annotations

Branches:
Dungeon (2/15)

Altars:


Innate Abilities, Weirdness & Mutations

You are small and have problems with some larger weapons.
You are carnivorous and can eat meat at any time.


Message History

The worm is heavily wounded.
The worm misses you.
Firing (i - inventory. (,) - cycle):
g - 30 stones (quivered)
Press: ? - help, Shift-Dir - straight line, f/p - worm
Aim: a worm (heavily wounded)
You shoot a stone. The stone hits the worm.
The worm is severely wounded.
Firing (i - inventory. (,) - cycle):
g - 29 stones (quivered)
Press: ? - help, Shift-Dir - straight line, f/p - worm
Aim: a worm (severely wounded)
You shoot a stone.
The stone hits the worm but does no damage.
The worm is severely wounded.
The worm bites you.
Firing (i - inventory. (,) - cycle):
g - 28 stones (quivered)
Press: ? - help, Shift-Dir - straight line, f/p - worm
Aim: a worm (severely wounded)
You shoot a stone. The stone barely misses the worm.
The worm bites you!
Ouch! That really hurt!
You die...

.[.. ...... .
.##.#.##.#(.#.#
......#.#..#.##
##.#(.#(.......
.........>..#
#....(.....
.####..<(.#
.......((##
........(# ##.
######.#w##.....
#..@..# #.#.#.#
#...#... #####
##.. #.


You could see a worm.

Vanquished Creatures
  An ooze (D:1)
  A dart slug (D:2)
  3 bats (D:1)
  2 goblins (D:1)
  3 hobgoblins (D:1)
  5 kobolds (D:1)
  A rat (D:1)
16 creatures vanquished.

Notes
Turn   | Place    | Note
-------+----------+-------------------------------------------
     0 | D:1      | rin1221 the Kobold Arcane Marksman began the quest for the Orb.
     0 | D:1      | Reached XP level 1. HP: 12/12 MP: 2/2
   229 | D:1      | Reached XP level 2. HP: 16/16 MP: 3/3
   233 | D:1      | Learned a level 2 spell: Slow
   707 | D:1      | Reached XP level 3. HP: 20/20 MP: 4/6
   712 | D:1      | Learned a level 3 spell: Inner Flame
   864 | D:2      | Slain by a worm

Vault maps used:
D:1:      dpeg_arrival_connections
D:2:      nicolae_ru_sacrificial_ziggurat, nicolae_ashenzari_panopticon,
          lemuel_doored_altar, first_bread, minmay_statues_item

Skill      XL: |  1  2 |
---------------+-------+-----
Dodging        | 3 |  3.2
Spellcasting   | 2 |  2.0
Fighting       | |  1.1
Slings         | |  2.0
Throwing       | |  0.7
Hexes          | |  3.0

Action                   || total
-------------------------++-------
 Fire: Hunting sling     ||    73
  Eat: Chunk             ||     8
Armor: Robe              ||     5
Dodge: Dodged            ||    21

Table legend:
 A = Spawn XP
 B = Non-spawn XP
 C = Spawn XP percentage of total XP
 D = Spawn monster count
 E = Non-spawn monster count
 F = Spawn count percentage of total count
 G = Total turns spent on level
                    A         B        C        D         E        F      G
               +---------+---------+-------+---------+---------+-------+---------
         Total |       1 |      32 |   3.0 |       1 |      15 |   6.2 |   864
               +---------+---------+-------+---------+---------+-------+---------
           D:1 |       1 |      28 |   3.4 |       1 |      14 |   6.7 |   839
           D:2 |       0 |       4 |   0.0 |       0 |       1 |   0.0 |    25
               +---------+---------+-------+---------+---------+-------+---------
